 Dungeon Crawl Stone Soup version 0.22-a0-458-gb446440 (webtiles) character file.

29192 Ijustatesigmund the Severer (level 13, -4/187 HPs)
             Began as a Minotaur Berserker on June 8, 2018.
             Was a High Priest of Trog.
             Slain by an orc warrior
             ... wielding a +0 mace
             ... led by an orc knight
              (18 damage)
             ... on level 2 of the Orcish Mines.
             The game lasted 00:37:20 (12401 turns).

Ijustatesigmund the Severer (Minotaur Berserker)   Turns: 12401, Time: 00:37:21

Health: -4/187     AC:  7    Str: 28    XL:     13   Next: 13%
Magic:  12/12      EV: 16    Int:  4    God:    Trog [*****.]
Gold:   578        SH:  3    Dex: 14    Spells: 12/12 levels left

rFire    . . .     SeeInvis .   v - +7 broad axe (flame)
rCold    + . .     Gourm    .   (no shield)
rNeg     . . .     Faith    .   b - +3 troll leather armour {Snorg}
rPois    .         Spirit   .   (helmet restricted)
rElec    .         Reflect  +   u - +0 cloak
rCorr    +         Harm     .   z - +0 pair of gloves
MR       ++...                  (no boots)
Stlth    ..........             x - +3 amulet of reflection
HPRegen  1.81/turn              g - ring of resist corrosion
MPRegen  0.13/turn              G - ring of protection from cold

@: berserking, corroded, very slightly contaminated, regenerating, very quick
A: retaliatory headbutt, horns 2
a: Berserk, Trog's Hand, Brothers in Arms, Renounce Religion


You were on level 2 of the Orcish Mines.
You worshipped Trog.
Trog was extremely pleased with you.
You were near starving.

You visited 2 branches of the dungeon, and saw 14 of its levels.

You collected 1041 gold pieces.
You spent 463 gold pieces at shops.

Inventory:

Hand Weapons
 p - the +10 longbow of Fimbulwinter {flame, +Inv +Fly Int+4 Stlth-}
   (Trog gifted it to you on level 11 of the Dungeon)

   It causes projectiles fired from it to burn those they strike, causing extra
   injury to most foes and up to half again as much damage against particularly
   susceptible opponents.
   It affects your intelligence (+4).
   It lets you turn invisible.
   It lets you fly.
   It makes you less stealthy.
 v - a +7 broad axe of flaming (weapon)
 J - a +0 antimagic executioner's axe
Missiles
 o - 63 arrows
 s - 13 javelins (quivered)
Armour
 b - a +3 troll leather armour (worn) {Snorg}
 u - a +0 cloak (worn)
 z - a +0 pair of gloves (worn)
 H - a cursed -2 chain mail
Jewellery
 g - a ring of resist corrosion (left hand)
 x - a +3 amulet of reflection (around neck)
 C - an uncursed ring of positive energy
 D - an uncursed ring of ice
 G - a ring of protection from cold (right hand)
Wands
 i - a wand of paralysis (4)
 m - a wand of iceblast (2)
 w - a wand of disintegration (33)
 E - a wand of flame (26)
 I - a wand of polymorph (20)
Scrolls
 d - a scroll of teleportation
 l - a scroll of remove curse
 y - a scroll of magic mapping
 B - 3 scrolls of identify
Potions
 e - 2 potions of flight
 f - 5 potions of curing
 h - 2 potions of heal wounds
 j - a potion of cancellation
 k - 3 potions of ambrosia
 n - 4 potions of resistance
 q - 4 potions of brilliance
 r - 3 potions of lignification
 A - 2 potions of agility
 F - 3 potions of haste
 K - a potion of might
 L - a potion of magic
Comestibles
 c - 13 rations


   Skills:
 + Level 14.3 Fighting
 + Level 16.5 Axes
 - Level 8.5 Bows
 - Level 8.6 Armour
 - Level 7.8 Dodging


You had 12 spell levels left.
You didn't know any spells.
Your spell library was empty.

Dungeon Overview and Level Annotations

Branches:
Dungeon (12/15)            Temple (0/1) D:6            Lair (0/6) D:10
    Orc (2/2) D:12            Elf (0/3) Orc:2

Altars:
Cheibriados
Dithmenos
Fedhas
Makhleb
Nemelex Xobeh
Okawaru
Trog
Vehumet
Zin

Shops:
D:7 [   D:9 =?[   D:10 [[*   D:11 ?


Innate Abilities, Weirdness & Mutations

You reflexively headbutt those who attack you in melee.
You have a pair of horns on your head.


Message History

Your headbutt misses the orc high priest.
The orc high priest is heavily wounded.
You hit the rust devil. You hit the smoke demon.
You barely miss the orc warrior. The orc high priest misses you.
You furiously retaliate!
You headbutt the orc high priest! The rust devil closely misses you.
You furiously retaliate!
You headbutt the rust devil. The orange demon stings you from afar!
* * * LOW HITPOINT WARNING * * *
You slice the orc high priest!! You burn the orc high priest!
You kill the orc high priest!
Trog accepts your kill.
The orange demon disappears in a puff of smoke!
The smoke demon disappears in a puff of smoke!
The rust devil disappears in a puff of smoke!
You completely miss the orc warrior.
The orc warrior no longer looks unusually strong.
The orc knight roars a battlecry!
The orc warrior goes into a battle-frenzy!
The orc warrior hits you with a mace!!
You die...

,,,,,,,*,* ***##........##*,,,,,,
,,,,,,,,**##.##.....4....#,,,,,,,
,,,,,,,,.##..#.....§o....#,,,,,,,
,,,,,,,,...........#o34..#...,,,,
,,,*,,,,..........###........,,,,
,,***,,,........#####†.......,,,*
,,* **,,.......§##.#.........P,,,
,*****,,.......§#)............,,,
,,*,*,,,.......§@o............,,,
,,,,*,,,....#....oo........Po,,,,
,,,,,,,,.....#.........#...o.∩,,,
,,,,,,,,,##.............P....,8,,
,,,,,,,,,,##.#.......#.#,,,,,,,,,
,,,,,,,,***###..........,,,,,,,,,
,,,,,,,,,****..........$,,,,,,,,,
,,,,,,,,**,*............,,,,,,,,,
,,,,,,,,,**.............,,,,,,,,,


You could see an orc knight and 2 orc warriors.

Vanquished Creatures
  An orc warlord (Orc:1)
  Snorg (D:10)
  Fannar (D:10)
  2 hydras (D:12)
  Erica (D:10)
  A two-headed ogre (D:8)
  The ghost of Tiareth the Destroyer, a journeyman DECj of Vehumet (D:10)
  An orc high priest (Orc:2)
  Urug (D:10)
  The ghost of Avalon the Reanimator, a novice GnNe of Cheibriados (D:8)
  2 unseen horrors (D:11)
  A deep elf mage (D:9)
  2 ugly things
  4 cyclopes
  3 slime creatures (D:12)
  A gargoyle (D:12)
  A centaur skeleton (D:12)
  3 kobold demonologists (D:11)
  3 trolls
  Prince Ribbit (D:7)
  A hornet (D:11)
  5 hippogriffs
  A spriggan (D:8)
  2 wyverns
  A vampire (D:11)
  A basilisk (D:10)
  13 yaks (D:11)
  4 hungry ghosts
  7 vampire mosquitoes (D:12)
  Menkaure (D:5)
  4 wargs (Orc:1)
  A water moccasin (D:8)
  An acid dragon (D:11)
  3 porcupines (D:10)
  10 orc warriors
  2 ice beasts
  6 sky beasts
  5 phantoms
  4 black bears
  2 necrophages
  An eye of draining (D:12)
  7 ogres
  2 wolves (D:10)
  3 crocodiles (D:10)
  6 centaurs
  4 big kobolds
  7 bullfrogs
  Blork the orc (D:4)
  A gnoll sergeant (Orc:2)
  4 scorpions
  11 wights
  21 killer bees
  5 howler monkeys
  5 electric eels
  3 bullfrog zombies
  5 crimson imps
  10 hounds
  2 jellies
  2 bullfrog skeletons (D:12)
  7 orc priests
  3 iron imps (D:3)
  12 orc wizards
  2 iguanas
  2 worker ants
  A killer bee zombie (D:9)
  2 hound skeletons
  2 worker ant zombies
  11 adders
  7 gnolls
  2 shadow imps
  3 oozes
  An adder zombie (D:6)
  An adder skeleton (D:10)
  A worm (D:4)
  2 dart slugs
  4 leopard geckos
  58 orcs
  A ball python (D:1)
  7 bats
  3 giant cockroaches
  5 goblins
  10 hobgoblins
  12 jackals
  4 quokkas
  3 frilled lizards
  21 kobolds
  A leopard gecko skeleton (D:5)
  A leopard gecko zombie (D:6)
  A quokka skeleton (D:6)
  10 rats
  2 plants
408 creatures vanquished.

Vanquished Creatures (others)
  3 fungi (D:10)
  6 plants
9 creatures vanquished.

Grand Total: 417 creatures vanquished

Notes
Turn   | Place    | Note
-------+----------+-------------------------------------------
     0 | D:1      | Ijustatesigmund the Minotaur Berserker began the quest for the Orb.
     0 | D:1      | Reached XP level 1. HP: 19/19 MP: 0/0
    24 | D:1      | Reached skill level 4 in Axes
    28 | D:1      | Reached XP level 2. HP: 27/27 MP: 1/1
   408 | D:2      | Reached ** piety under Trog
   417 | D:2      | Reached XP level 3. HP: 24/33 MP: 2/2
   559 | D:2      | Reached skill level 5 in Axes
   562 | D:2      | Reached XP level 4. HP: 31/41 MP: 3/3
  1072 | D:2      | Found a glowing silver altar of Zin.
  1188 | D:2      | Found a snail-covered altar of Cheibriados.
  1192 | D:2      | Found a blossoming altar of Fedhas.
  1542 | D:3      | Reached skill level 6 in Axes
  1597 | D:3      | Reached *** piety under Trog
  1599 | D:3      | Reached XP level 5. HP: 30/47 MP: 4/4
  1928 | D:3      | Found a burning altar of Makhleb.
  1943 | D:3      | Reached skill level 5 in Fighting
  2044 | D:4      | Noticed Blork the orc
  2053 | D:4      | Killed Blork the orc
  2053 | D:4      | Reached skill level 7 in Axes
  2053 | D:4      | Reached XP level 6. HP: 44/56 MP: 5/5
  3063 | D:5      | Entered Level 5 of the Dungeon
  3234 | D:5      | Reached skill level 8 in Axes
  3360 | D:5      | Reached XP level 7. HP: 63/63 MP: 6/6
  3389 | D:5      | Noticed Menkaure
  3396 | D:5      | Killed Menkaure
  3620 | D:5      | Found a sparkling altar of Nemelex Xobeh.
  3964 | D:5      | Found a blossoming altar of Fedhas.
  3973 | D:5      | Got a steaming leather armour
  3984 | D:5      | Identified the +3 leather armour of Laotona {Dex+2} (You found it on level 5 of the Dungeon)
  4060 | D:6      | Received a gift from Trog
  4142 | D:6      | Reached XP level 8. HP: 54/73 MP: 7/7
  4156 | D:6      | Found a shadowy altar of Dithmenos.
  4369 | D:6      | Reached skill level 9 in Axes
  4402 | D:6      | Found a shadowy altar of Dithmenos.
  4453 | D:6      | Found a staircase to the Ecumenical Temple.
  4459 | D:6      | Reached skill level 5 in Armour
  4501 | D:6      | Got a twitching ruby amulet
  4510 | D:6      | Identified the amulet "Fyshrim" {Acrobat rPois Str+3} (You found it on level 6 of the Dungeon)
  4808 | D:7      | Noticed a hippogriff
  4810 | D:7      | Noticed Prince Ribbit
  4847 | D:7      | Killed a hippogriff
  4847 | D:7      | Reached skill level 5 in Dodging
  4851 | D:7      | Killed Prince Ribbit
  4851 | D:7      | Reached **** piety under Trog
  4905 | D:7      | Reached XP level 9. HP: 81/81 MP: 8/8
  5459 | D:7      | Found Wiwki's Armour Boutique.
  5575 | D:8      | Found a bloodstained altar of Trog.
  5618 | D:8      | Reached skill level 10 in Axes
  5705 | D:8      | Noticed Avalon's ghost (novice GnNe)
  5886 | D:8      | Noticed a two-headed ogre
  5893 | D:8      | Killed a two-headed ogre
  5947 | D:8      | Killed Avalon's ghost
  5947 | D:8      | Reached XP level 10. HP: 93/93 MP: 9/9
  6459 | D:8      | Reached skill level 10 in Fighting
  6459 | D:8      | Reached skill level 11 in Axes
  6881 | D:9      | Found Vusuuw's Magic Scroll Shop.
  6888 | D:9      | Bought a scroll of brand weapon for 340 gold pieces
  6888 | D:9      | Bought a scroll of identify for 34 gold pieces
  6888 | D:9      | Bought a scroll of identify for 34 gold pieces
  6920 | D:9      | Reached ***** piety under Trog
  7090 | D:9      | Found Juxirr's Antique Armour Shop.
  7173 | D:9      | Found Ivian's Jewellery Shoppe.
  7278 | D:9      | Found a radiant altar of Vehumet.
  7383 | D:9      | Reached skill level 12 in Axes
  7396 | D:9      | Noticed a cyclops
  7421 | D:9      | Killed a cyclops
  7669 | D:10     | Entered Level 10 of the Dungeon
  7737 | D:10     | Noticed a deep elf mage
  7743 | D:9      | Killed a deep elf mage
  7835 | D:10     | Noticed Erica
  7858 | D:10     | Killed Erica
  7858 | D:10     | Reached skill level 13 in Axes
  7858 | D:10     | Reached XP level 11. HP: 102/102 MP: 10/10
  7953 | D:10     | Received a gift from Trog
  8063 | D:10     | Noticed Fannar
  8078 | D:10     | Killed Fannar
  8370 | D:10     | Found Kufesule's Antique Armour Shop.
  8381 | D:10     | Noticed Tiareth's ghost (journeyman DECj)
  8621 | D:10     | Found Kouvaeni's Antique Armour Shoppe.
  8788 | D:10     | Noticed Urug
  8872 | D:10     | Killed Urug
  9111 | D:10     | Killed Tiareth's ghost
  9111 | D:10     | Reached skill level 14 in Axes
  9194 | D:10     | Found a staircase to the Lair.
  9241 | D:10     | Found Hotuisot's General Store.
  9254 | D:10     | Bought a scroll of teleportation for 33 gold pieces
  9283 | D:10     | Noticed Snorg
  9291 | D:10     | Killed Snorg
  9774 | D:11     | Reached skill level 15 in Axes
  9980 | D:11     | Received a gift from Trog
  9984 | D:11     | Got a polished longbow {god gift}
  9985 | D:11     | Identified the +10 longbow of Fimbulwinter {flame, +Inv +Fly Int+4 Stlth-} (Trog gifted it to you on level 11 of the Dungeon)
 10049 | D:11     | Reached skill level 1 in Bows
 10273 | D:11     | Reached XP level 12. HP: 113/113 MP: 11/11
 10279 | D:11     | Found an iron altar of Okawaru.
 10433 | D:11     | Reached skill level 5 in Bows
 10434 | D:11     | Found Pynwot's Magic Scroll Shop.
 10451 | D:11     | Bought a scroll of identify for 22 gold pieces
 10501 | D:11     | Found a large runed door.
 10501 | D:11     | Found a large runed door.
 10514 | D:11     | Found a large runed door.
 10514 | D:11     | Found a large runed door.
 10646 | D:11     | Got a brightly glowing scale mail
 10663 | D:11     | Identified the +3 scale mail "Omesh" {Int+4} (You found it on level 11 of the Dungeon)
 11313 | D:12     | Received a gift from Trog
 11649 | D:12     | Found a staircase to the Orcish Mines.
 11754 | D:12     | Noticed a five-headed hydra
 11760 | D:12     | Killed a one-headed hydra
 11785 | D:12     | Reached skill level 16 in Axes
 11785 | D:12     | Noticed a six-headed hydra
 11790 | D:12     | Killed a three-headed hydra
 11798 | D:12     | Received a gift from Trog
 12065 | Orc:1    | Entered Level 1 of the Orcish Mines
 12096 | Orc:1    | Noticed an orc warlord
 12106 | Orc:1    | Reached XP level 13. HP: 110/124 MP: 12/12
 12114 | Orc:1    | Killed an orc warlord
 12348 | Orc:2    | Entered Level 2 of the Orcish Mines
 12401 | Orc:2    | Slain by an orc warrior

Vault maps used:
D:1:      minmay_arrival_radiant_lines
D:2:      chequers_temple_overflow_statue_of_worship,
          nicolae_overflow_crystal_walls
D:3:      demons_altar
D:4:      first_ration, grunt_decor_cap, uniq_blork_the_orc
D:5:      kennysheep_mini_moat, nrook_mini_vaults, fedhas_altar_3, uniq_menkaure
D:6:      nicolae_overflow_hidden_temple, kennysheep_little_box,
          minmay_temple_entry_poolview, minmay_statues_item,
          grunt_dithmenos_shadows
D:7:      lemuel_ice_spiral_2, serial_shops, shop, uniq_prince_ribbit1
D:8:      bloody_trog, serial_bayou, serial_bayou_shore_b, serial_bayou_shore_b,
          serial_bayou_lagoon_a, serial_bayou_pond_d, the_bakery
D:9:      kennysheep_mini, serial_shops, nicolae_shop_stone, nicolae_shop_stone,
          shop_scrolls
D:10:     minmay_lair_entry_grove, serial_shops, shop, shop,
          nicolae_shop_waterfront, serial_bayou_lagoon_b, uniq_fannar,
          uniq_erica, uniq_snorg, uniq_urug
D:11:     serial_shops, shop_statue, basic_altar, minmay_hollow_rounded_squares
D:12:     hiddenorc1_lemuel
Orc:1:    minmay_orc_treasury
Orc:2:    grunt_orc_gardens, grunt_orc_garden, grunt_orc_garden,
          grunt_orc_garden, grunt_orc_garden, lab_entry_generic,
          enter_volcano_3, serial_shops, shop, nicolae_shop_statue_plus

Skill      XL: |  1  2  3  4  5  6  7  8  9 10 11 12 |
---------------+-------------------------------------+-----
Axes           | 4 5 6 7 8 9 10 13 15 16 | 16.5
Fighting       | 4 5 6 7 8 9 11 12 14 | 14.3
Armour         | 4 6 8 |  8.6
Dodging        | 3 5 7 |  7.8
Bows           | 3 8 |  8.5

Action                   |  1- 3 |  4- 6 |  7- 9 | 10-12 | 13-15 || total
-------------------------+-------+-------+-------+-------+-------++-------
Melee: Hand axe          |    46 |   130 |    93 |       |       ||   269
       Headbutt          |     5 |    31 |    56 |   120 |       ||   212
       War axe           |       |       |   130 |   233 |       ||   363
       Broad axe         |       |       |       |   308 |    33 ||   341
 Fire: Longbow           |       |       |       |       |     2 ||     2
Throw: Javelin           |       |       |     4 |       |       ||     4
Invok: Berserk           |       |     2 |    10 |    14 |     2 ||    28
       Trog's Hand       |       |       |     3 |     4 |     1 ||     8
Evoke: Wand              |       |       |     1 |     3 |     3 ||     7
  Use: Scroll            |       |     9 |    10 |    10 |     4 ||    33
       Potion            |       |       |     4 |     1 |     1 ||     6
 Stab: Paralysed         |       |       |       |     2 |       ||     2
       Sleeping          |       |       |       |     1 |       ||     1
  Eat: Chunk             |       |     5 |    12 |    19 |     1 ||    37
       Ration            |       |     1 |     2 |     6 |       ||     9
Armor: Animal skin       |    14 |    11 |       |       |       ||    25
       Ring mail         |       |     2 |       |       |       ||     2
       Chain mail        |       |    12 |    95 |    87 |       ||   194
       Troll leather arm |       |       |       |    66 |     7 ||    73
Dodge: Dodged            |    31 |    56 |   113 |   298 |    26 ||   524
Block: Other             |       |       |       |    28 |     2 ||    30
       Reflection        |       |       |       |     1 |       ||     1

Table legend:
 A = Spawn XP
 B = Non-spawn XP
 C = Spawn XP percentage of total XP
 D = Spawn monster count
 E = Non-spawn monster count
 F = Spawn count percentage of total count
 G = Total turns spent on level
                    A         B        C        D         E        F      G
               +---------+---------+-------+---------+---------+-------+---------
         Total |       0 |   41703 |   0.0 |       0 |     406 |   0.0 | 12401
               +---------+---------+-------+---------+---------+-------+---------
           D:1 |       0 |      25 |   0.0 |       0 |      16 |   0.0 |   325
           D:2 |       0 |     120 |   0.0 |       0 |      23 |   0.0 |  1055
           D:3 |       0 |     173 |   0.0 |       0 |      28 |   0.0 |   652
           D:4 |       0 |     165 |   0.0 |       0 |       7 |   0.0 |  1031
           D:5 |       0 |     481 |   0.0 |       0 |      13 |   0.0 |  1146
           D:6 |       0 |    1286 |   0.0 |       0 |      31 |   0.0 |   626
           D:7 |       0 |     759 |   0.0 |       0 |       9 |   0.0 |   698
           D:8 |       0 |    3532 |   0.0 |       0 |      36 |   0.0 |  1307
           D:9 |       0 |    4250 |   0.0 |       0 |      50 |   0.0 |  1069
          D:10 |       0 |    7740 |   0.0 |       0 |      37 |   0.0 |  1828
          D:11 |       0 |   10092 |   0.0 |       0 |      60 |   0.0 |  1510
          D:12 |       0 |    8778 |   0.0 |       0 |      66 |   0.0 |   818
         Orc:1 |       0 |    2832 |   0.0 |       0 |      20 |   0.0 |   283
         Orc:2 |       0 |    1470 |   0.0 |       0 |      10 |   0.0 |    53
               +---------+---------+-------+---------+---------+-------+---------
